Map: Terraform LE (Void)

Players

SolaCe (Nina)

  • Race: Protoss Protoss
  • League: Master

RepMeaSt (Semper) - Winner!

  • Race: Terran Terran
  • League: Master

Event: ASL Season 5 Prime League LOTV Beta

VOD

Have the link to the VOD?

Description

Time

  • Played on: Sept. 22, 2015, 8:44 p.m.
  • Length: 8:57

All games in this series

Show
View Real Time Build Order
Export as new Build Order

SolaCe Protoss 

Build Orders:  

Get SALT Encoding   

  12  0:00  Probe (Chrono Boost)  
  13  0:10  Probe (Chrono Boost)  
  14  0:19  Pylon  
  14  0:20  Probe (Chrono Boost)  
  15  0:37  Probe (Chrono Boost)  
  15  0:38  Gateway  
  16  0:47  Probe (Chrono Boost)  
  17  0:50  Assimilator  
  17  0:53  Assimilator  
  17  0:57  Probe (Chrono Boost)  
  18  1:07  Probe (Chrono Boost)  
  19  1:17  Probe (Chrono Boost)  
  20  1:26  Cybernetics Core  
  20  1:27  Probe (Chrono Boost)  
  21  1:37  Pylon  
  21  1:38  Probe (Chrono Boost)  
  22  1:48  Probe (Chrono Boost)  
  22  1:52  Pylon  
  23  2:01  Mothership Core (Chrono Boost)  
  23  2:04  Stargate  
  23  2:06  Warp Gate (Chrono Boost)  
  25  2:18  Adept  
  27  2:30  Gateway  
  27  2:31  Gateway  
  27  2:48  Void Ray  
  31  2:56  Gateway  
  31  3:13  Pylon  
  31  3:29  Void Ray (Chrono Boost)  
  33  3:56  Adept x3  
  33  3:57  Adept  
  33  4:02  Pylon  
  41  4:08  Void Ray (Chrono Boost)  
  45  4:20  Adept  
  45  4:21  Adept  
  49  4:31  Stalker  
  49  4:37  Adept  
  53  4:56  Stalker  
  55  5:06  Pylon  
  51  5:20  Adept  
  51  5:21  Adept  
  51  5:29  Adept x2  
  51  5:31  Void Ray (Chrono Boost)  
  59  5:45  Adept  
  59  5:46  Adept  
  55  6:16  Adept x4  
  58  6:39  Void Ray (Chrono Boost)  
  56  6:44  Adept x2  
  40  7:09  Adept x4  
  38  7:43  Zealot  
  38  7:44  Zealot x2  
  44  7:49  Zealot  
  44  7:51  Oracle (Chrono Boost)  
  37  8:15  Nexus  
  23  8:41  Adept  
Show
View Real Time Build Order
Export as new Build Order

RepMeaSt Terran - Winner!

Build Orders:  

Get SALT Encoding   

  12  0:00  SCV  
  13  0:13  SCV  
  14  0:17  Supply Depot  
  14  0:25  SCV  
  15  0:39  SCV  
  15  0:40  Barracks  
  16  0:45  Refinery  
  16  0:51  SCV  
  17  1:03  SCV  
  18  1:15  SCV  
  19  1:27  Orbital Command  
  19  1:29  Barracks Reactor  
  19  1:42  Command Center  
  19  1:54  SCV  
  20  1:56  Supply Depot  
  20  2:05  Marine x2  
  20  2:06  SCV  
  23  2:14  Factory  
  23  2:18  Bunker  
  24  2:22  SCV  
  24  2:24  Marine  
  24  2:26  Marine  
  26  2:35  SCV  
  27  2:42  Marine  
  28  2:44  Marine  
  28  2:47  SCV  
  30  2:55  Orbital Command  
  30  2:58  Factory Tech Lab  
  30  3:00  SCV  
  30  3:01  Starport  
  30  3:04  Marine x2  
  33  3:12  SCV  
  34  3:19  Refinery  
  34  3:22  SCV  
  34  3:25  Marine x2  
  37  3:31  SCV  
  37  3:32  Bunker  
  38  3:39  SCV  
  38  3:43  Viking  
  38  3:44  Marine  
  38  3:45  Widow Mine, Marine  
  44  3:49  SCV  
  44  3:53  SCV  
  45  4:00  Engineering Bay  
  45  4:01  SCV  
  46  4:11  Supply Depot, Marine x2  
  46  4:12  SCV  
  46  4:13  SCV  
  46  4:16  Viking  
  52  4:28  Supply Depot  
  52  4:32  SCV x2  
  54  4:40  Marine  
  54  4:42  Marine  
  54  4:48  Supply Depot  
  54  4:50  SCV x2, Cyclone, Viking  
  61  4:58  Marine  
  62  5:00  Marine  
  62  5:01  Bunker  
  62  5:02  SCV  
  63  5:07  SCV  
  63  5:14  SCV  
  63  5:19  SCV, Marine x2  
  64  5:22  Viking  
  64  5:26  SCV  
  67  5:31  SCV  
  68  5:35  Bunker  
  68  5:43  Marine  
  68  5:44  SCV  
  68  5:45  Supply Depot  
  68  5:49  Siege Tank  
  73  5:54  SCV  
  73  5:55  Marine  
  75  6:01  SCV  
  76  6:06  Marine  
  76  6:09  SCV  
  74  6:13  Marine  
  74  6:14  SCV  
  73  6:24  Siege Tank, Marine  
  74  6:30  SCV  
  74  6:31  Marine  
  71  6:33  SCV  
  71  6:38  Bunker  
  67  6:42  SCV, Marine  
  67  6:46  SCV  
  68  6:49  Marine  
  68  6:51  Viking  
  67  6:59  SCV  
  67  7:00  Marine  
  63  7:01  SCV  
  55  7:09  Marine  
  55  7:11  SCV  
  55  7:13  SCV  
  55  7:17  Marine  
  51  7:23  SCV, Medivac  
  51  7:25  SCV  
  51  7:28  Barracks x2  
  55  7:30  Marine  
  55  7:34  Factory Tech Lab  
  55  7:35  SCV  
  57  7:37  SCV  
  57  7:42  Marine  
  57  7:43  Supply Depot  
  59  7:47  SCV  
  59  7:49  SCV  
  60  7:55  Marine  
  61  7:59  SCV  
  61  8:00  Marine  
  61  8:01  SCV  
  64  8:11  SCV  
  59  8:13  Marine  
  59  8:14  SCV  
  59  8:18  Marine  
  60  8:21  Marine x2  
  60  8:23  SCV  
  60  8:25  Medivac  
  60  8:26  SCV  
  67  8:32  Marine  
  64  8:35  SCV  
  64  8:38  SCV  
  61  8:46  Missile Turret  
Tags
 
Add a new tag
Caveats
  • Supply blocks, unpowered buildings, or Contaminate may cause inaccurate times.
  • Supply counts are checked every 10 seconds.